 Dungeon Crawl Stone Soup version 0.29.0-11-gd7f09526c8 (webtiles) character file.

Game seed: 15503542129424513606

455 ExZ the Poker (level 7, 0/56 HPs)
             Began as a Merfolk Monk on Sept 5, 2022.
             Slain by an orc
             ... wielding a +0 hand axe
              (3 damage)
             ... on level 4 of the Dungeon.
             The game lasted 00:06:07 (3784 turns).

ExZ the Poker (Merfolk Monk)                        Turns: 3784, Time: 00:06:07

Health: 0/56       AC:  9    Str: 14    XL:     7   Next: 5%
Magic:  7/7        EV: 11    Int:  9    God:
Gold:   148        SH:  0    Dex: 16    Spells: 6/6 levels left

rFire   . . .      SeeInvis .   b - +0 trident
rCold   . . .      Faith    .   (no shield)
rNeg    . . .      Spirit   .   r - +0 scale mail
rPois   .          Reflect  .   q - +0 helmet
rElec   .          Harm     .   (no cloak)
rCorr   .          Rampage  .   o - +0 pair of gloves
Will    .....                   p - +0 pair of boots
Stlth   +.........              (no amulet)
HPRegen 0.18/turn               (no ring)
MPRegen 0.10/turn               (no ring)

@: mighty, about to teleport
A: (nimble swimmer 2), mertail
a: no special abilities


You were on level 4 of the Dungeon.
You visited 1 branch of the dungeon, and saw 4 of its levels.

You collected 148 gold pieces.

Inventory:

Hand Weapons
 b - a +0 trident (weapon)
Armour
 i - a +0 plate armour
 o - a +0 pair of gloves (worn)
 p - a +0 pair of boots (worn)
 q - a +0 helmet (worn)
 r - a +0 scale mail (worn)
Wands
 j - a wand of paralysis (13)
 k - a wand of flame (8)
Scrolls
 c - a scroll of butterflies {unknown}
 d - a scroll of amnesia {unknown}
 e - 4 scrolls of identify {unknown}
 h - 2 scrolls of teleportation
 l - a scroll of poison {unknown}
 n - a scroll of fear {unknown}
Potions
 m - a potion of degeneration {unknown}


   Skills:
 * Level 5.5 Fighting
 * Level 6.7 Polearms
 * Level 2.2 Armour
 - Level 5.0 Dodging
 - Level 2.1 Stealth


You had 6 spell levels left.
You didn't know any spells.
Your spell library contained the following spells:

 Spells                   Type           Power      Damage    Failure   Level
 Sandblast                Erth           0%         2d4       86%         1
 Passwall                 Tmut/Erth      0%         N/A       95%         2
 Stone Arrow              Conj/Erth      0%         3d7       99%         3
 Summon Guardian Golem    Hex/Summ       0%         N/A       99%         3
 Orb of Destruction       Conj           0%         9d5       100%        7
 Spellforged Servitor     Conj/Summ      0%         N/A       100%        7


Dungeon Overview and Level Annotations

Branches:
Dungeon (4/15)
 Temple: D:4-7

Altars:
Ashenzari
Hepliaklqana
Kikubaaqudgha

Annotations:
D:4 2 runed translucent doors, Ijustatesigmund's ghost, novice HOFi; Menkaure


Innate Abilities, Weirdness & Mutations

((You are very nimble when in or above water. (Stealth+, EV+, Speed+++)))
Your lower body shifts to a powerful aquatic tail in water.


Message History

The orc barely misses you. The goblin hits you but does no damage.
The phantom hits you but does no damage.
The hobgoblin closely misses you.
You puncture the phantom!
You destroy the phantom!
The goblin hits you with a +0 club. The orc hits you with a +0 hand axe.
The hobgoblin hits you. Menkaure hits you!
* * * LOW HITPOINT WARNING * * *
You have reached level 7!
Unknown command.
You feel better. The orc hits you but does no damage.
The goblin hits you but does no damage. The hobgoblin barely misses you.
Menkaure hits you!
* * * LOW HITPOINT WARNING * * *
The hobgoblin hits you but does no damage.
The hobgoblin barely misses you. The hobgoblin attacks as you move away!
The hobgoblin closely misses you. Menkaure hits you!
* * * LOW HITPOINT WARNING * * *
Unknown command.
Found a scroll labelled WOFFANTENNA.
Menkaure calls on the powers of darkness!
The orc convulses!
The hobgoblin convulses!
Your body is wracked with pain!
* * * LOW HITPOINT WARNING * * *
Unknown command.
Unknown command.
It was a potion of might.
You feel very mighty all of a sudden. The orc hits you with a +0 hand axe.
* * * LOW HITPOINT WARNING * * *
Unknown command.
Unknown command.
As you read the scroll labelled WOFFANTENNA, it crumbles to dust.
You feel strangely unstable.
It was a scroll of teleportation.
The orc hits you but does no damage.
Unknown command.
Unknown command.
It was a potion of magic.
Magic courses through your body. The orc hits you with a +0 hand axe.
You die...

..#..##.......†..............
.............######..#####....
.###..#....#.# #..).# ....
###........#.# #.##....# #.#
....##.....#.# #.#####.# ..
##..#####..>.####.### .###..
##..# #[.#.........###.......
####.##..##.......?...........
...).........###@# ...#...
.####........###o######.......
.......#.......ggM............
####...#.#......g.............
/.........?$.............##
......W.###..............#
.###!#.####.............###
.......<...................
##...#..###.......>.....###


You could see Menkaure (fast), an orc, 2 hobgoblins and a goblin.

Vanquished Creatures
  2 phantoms
  A scorpion (D:3)
  2 hounds (D:3)
  Jessica (D:3)
  Robin (D:3)
  2 adders (D:2)
  3 gnolls (D:2)
  2 dart slugs (D:3)
  6 orcs (D:3)
  4 ball pythons
  5 bats
  8 endoplasms
  A giant cockroach (D:1)
  19 goblins
  6 hobgoblins
  4 quokkas
  A frilled lizard (D:1)
  8 kobolds
  19 rats
95 creatures vanquished.

Notes
Turn   | Place    | Note
-------+----------+-------------------------------------------
     0 | D:1      | ExZ the Merfolk Monk began the quest for the Orb.
     0 | D:1      | Reached XP level 1. HP: 18/18 MP: 1/1
   221 | D:1      | Reached XP level 2. HP: 20/24 MP: 2/2
   841 | D:1      | Found a faded altar of an unknown god.
  1100 | D:2      | Reached XP level 3. HP: 28/30 MP: 3/3
  1155 | D:2      | You fall into a shaft and drop 2 floors!
  1251 | D:4      | Noticed a phantom
  1258 | D:4      | Found a large runed translucent door.
  1258 | D:4      | Found a large runed translucent door.
  1269 | D:3      | Reached skill level 1 in Armour
  1269 | D:3      | Reached XP level 4. HP: 25/37 MP: 4/4
  1375 | D:3      | Reached skill level 5 in Polearms
  1418 | D:3      | Found an ancient bone altar of Kikubaaqudgha.
  1419 | D:3      | Found a hazy altar of Hepliaklqana.
  1466 | D:3      | Noticed Robin
  1491 | D:3      | Killed Robin
  1858 | D:3      | Reached XP level 5. HP: 34/43 MP: 5/5
  2217 | D:3      | Noticed a phantom
  2262 | D:2      | Killed a phantom
  2263 | D:2      | Reached XP level 6. HP: 17/50 MP: 6/6
  2269 | D:2      | Reached skill level 6 in Polearms
  2524 | D:3      | Reached skill level 5 in Dodging
  2564 | D:3      | Noticed Jessica
  2785 | D:2      | Reached skill level 5 in Fighting
  3436 | D:3      | Killed Jessica
  3717 | D:4      | Noticed Ijustatesigmund's ghost (novice HOFi)
  3752 | D:4      | Found a broken altar of Ashenzari.
  3764 | D:4      | Noticed Menkaure
  3777 | D:4      | Reached XP level 7. HP: 12/56 MP: 7/7
  3784 | D:4      | Slain by an orc

Illustrated notes

Levels and vault maps discovered:
D:1:      lightli_arrival_chessboard, layout_loops_ring,
          shapermc_ecumenical_altar_mp_highgroup
D:2:      layout_loops_ring, minmay_rat_hole
D:3:      layout_rooms, gammafunk_temple_overflow_statue,
          kennysheep_another_room, uniq_robin, uniq_jessica
D:4:      layout_rooms, ashenzari_altar_1, mainiacjoe_overflow_boulevard,
          temple_green, ebering_ghost_disaster_area, uniq_crazy_yiuf_cottage,
          uniq_menkaure

Skill      XL: |  1  2  3  4  5  6 |
---------------+-------------------+-----
Fighting       | 4 5 |  5.5
Armour         | 1 2 |  2.2
Polearms       | 5 6 |  6.7
Dodging        | 5 |  5.0
Stealth        | |  2.1

Action                   |  1- 3 |  4- 6 |  7- 9 || total
-------------------------+-------+-------+-------++-------
Melee: Spear             |   127 |   286 |       ||   413
       Punch             |     1 |     2 |       ||     3
       Trident           |       |    29 |       ||    29
  Use: Potion            |     1 |     1 |     3 ||     5
       Scroll            |       |       |     1 ||     1
 Stab: Sleeping          |     4 |       |       ||     4
Armor: Robe              |     8 |       |       ||     8
       Ring mail         |    25 |     1 |       ||    26
       Plate armour      |       |   156 |       ||   156
       Scale mail        |       |    22 |     4 ||    26
Dodge: Dodged            |    63 |    83 |     3 ||   149
